 Dungeon Crawl Stone Soup version 0.24-b1-30-g840c9efd86 (webtiles) character file.

Game seed: 1495025365395629206, levelgen mode: deterministic

100 Mesmaeker13 the Bolt Thrower (level 5, 0/35 HPs)
             Began as a Kobold Hunter on Oct 22, 2019.
             Slain by an orc wizard
             ... wielding a +0 dagger
              (3 damage)
             ... on level 2 of the Dungeon.
             The game lasted 00:05:01 (2124 turns).

Mesmaeker13 the Bolt Thrower (Kobold Hunter)        Turns: 2124, Time: 00:05:01

Health: 0/35       AC:  3    Str: 10    XL:     5   Next: 3%
Magic:  5/5        EV: 16    Int: 13    God:
Gold:   94         SH:  0    Dex: 17    Spells: 4/4 levels left

rFire    . . .     SeeInvis .   e - +2 dagger (elec)
rCold    . . .     Gourm    .   (shield restricted)
rNeg     . . .     Faith    .   c - +0 leather armour
rPois    .         Spirit   .   (no helmet)
rElec    .         Reflect  .   (no cloak)
rCorr    +         Harm     .   (no gloves)
MR       .....                  (no boots)
Stlth    ++........             (no amulet)
HPRegen  0.11/turn              m - ring of resist corrosion
MPRegen  0.09/turn              (no ring)

@: flying
A: small, agile 1, carnivore, robust 1, MP-powered wands
a: no special abilities


You were on level 2 of the Dungeon.
You were completely stuffed.

You visited 1 branch of the dungeon, and saw 3 of its levels.

You collected 94 gold pieces.

Inventory:

Hand Weapons
 a - a +1 hand crossbow
 e - a +2 dagger of electrocution (weapon)
 q - a +2 dagger of venom
Missiles
 d - 26 bolts
 j - 9 poisoned darts (quivered)
Armour
 c - a +0 leather armour (worn)
Jewellery
 m - a ring of resist corrosion (left hand)
Scrolls
 g - a scroll of amnesia
 h - a scroll of blinking {unknown}
 o - 3 scrolls of remove curse {unknown}
 p - 2 scrolls of fog {unknown}
 r - a scroll of teleportation {unknown}
 t - a scroll of enchant armour {unknown}
Potions
 b - a potion of flight
 i - a potion of heal wounds {unknown}
 l - 2 potions of brilliance
 s - a potion of mutation
Comestibles
 f - 6 rations
 n - a chunk of flesh


   Skills:
 + Level 3.4 Fighting
 + Level 0.8 Short Blades
 - Level 5.5 Crossbows
 + Level 3.9 Dodging
 - Level 1.3 Stealth


You had 4 spell levels left.
You didn't know any spells.
Your spell library was empty.

Dungeon Overview and Level Annotations

Branches:
Dungeon (3/15)

Altars:


Innate Abilities, Weirdness & Mutations

You are small and have problems with some larger weapons.
You are carnivorous and can eat meat at any time.
You are agile. (Dex +2)
You are robust. (+10% HP)
You expend magic power (3 MP) to strengthen your wands.


Message History

You butcher the rat corpse.
You hear some strange, mumbled words.
A puff of frost appears from out of thin air!
The puff of frost hits you.
* * * LOW HITPOINT WARNING * * *
Something hits you but does no damage.
Things that are here:
a chunk of flesh; a rat skeleton It was a potion of flight.
You feel very buoyant.
You fly up into the air.
Something hits you but does no damage.
It was a potion of mutation.
You feel extremely strange.
You feel your magical essence link to the dungeon's wands.
You feel agile.
You feel robust. Something barely misses you.
You hear some strange, mumbled words.
A puff of frost appears from out of thin air!
The puff of frost misses you.
It was a potion of magic.
Magic courses through your body. Something hits you.
You die...

....# #.....##.##.#
....###.....#..##.#
....##..#####.###.#
#####...# ###.# #.#
#......####..[###.#
#.##..###...####..#
.....## #.### #.##
#..### #.# ##{#
...# #.# #>@# ...#
###.# #.## ##.#
#...# ##(# #.#
#.### ##..#
#.####.# #..##
#...#..#####.##
####.#........# .#
#.#.......##
.###.#.......#
#########


There were no monsters in sight!

Vanquished Creatures
  A howler monkey skeleton (D:3)
  An adder (D:2)
  4 oozes
  2 worms (D:2)
  2 dart slugs
  2 leopard geckos (D:1)
  An orc (D:3)
  5 giant cockroaches
  6 goblins
  5 hobgoblins
  4 bats
  2 frilled lizards (D:1)
  8 kobolds
  12 rats
55 creatures vanquished.

Notes
Turn   | Place    | Note
-------+----------+-------------------------------------------
     0 | D:1      | Mesmaeker13 the Kobold Hunter began the quest for the Orb.
     0 | D:1      | Reached XP level 1. HP: 12/12 MP: 1/1
    24 | D:1      | Reached skill level 5 in Crossbows
    24 | D:1      | Reached XP level 2. HP: 13/18 MP: 2/2
   532 | D:1      | Reached XP level 3. HP: 22/22 MP: 3/3
  1584 | D:2      | Reached XP level 4. HP: 28/28 MP: 4/4
  2084 | D:3      | Reached XP level 5. HP: 29/32 MP: 5/5
  2123 | D:2      | Gained mutation: You expend magic power (3 MP) to
                  | strengthen your wands. [potion of mutation]
  2123 | D:2      | Gained mutation: You are agile. (Dex +2) [potion of
                  | mutation]
  2123 | D:2      | Gained mutation: You are robust. (+10% HP) [potion of
                  | mutation]
  2124 | D:2      | Slain by an orc wizard

Skill      XL: |  1  2  3 |
---------------+----------+-----
Crossbows      | 5 |  5.5
Dodging        | 3 |  3.9
Fighting       | 3 |  3.4
Short Blades   | |  0.8
Stealth        | |  1.3

Action                   |  1- 3 |  4- 6 || total
-------------------------+-------+-------++-------
Melee: Short sword       |    82 |     8 ||    90
       Dagger            |       |    53 ||    53
 Fire: Hand crossbow     |    23 |       ||    23
  Use: Scroll            |     4 |     1 ||     5
       Potion            |       |     3 ||     3
 Stab: Sleeping          |     2 |     2 ||     4
  Eat: Chunk             |    10 |     2 ||    12
Armor: Leather armour    |     9 |    20 ||    29
Dodge: Dodged            |    81 |    52 ||   133
